%YAML 1.1
%TAG !u! tag:unity3d.com,2011:
--- !u!241 &24100000
AudioMixerController:
  m_ObjectHideFlags: 0
  m_CorrespondingSourceObject: {fileID: 0}
  m_PrefabInternal: {fileID: 0}
  m_Name: MasterMixer
  m_OutputGroup: {fileID: 0}
  m_MasterGroup: {fileID: 24300002}
  m_Snapshots:
  - {fileID: 24500006}
  m_StartSnapshot: {fileID: 24500006}
  m_SuspendThreshold: -80
  m_EnableSuspend: 1
  m_UpdateMode: 0
  m_ExposedParameters: []
  m_AudioMixerGroupViews:
  - guids:
    - ccf7df428cc2c8f4ea5671c093ab1ee2
    - 617d96389a6341a41accca273168f479
    - 05a5902c80607594eb3f1b0f25ef046b
    name: View
  m_CurrentViewIndex: 0
  m_TargetSnapshot: {fileID: 24500006}
--- !u!243 &24300002
AudioMixerGroupController:
  m_ObjectHideFlags: 0
  m_CorrespondingSourceObject: {fileID: 0}
  m_PrefabInternal: {fileID: 0}
  m_Name: Master
  m_AudioMixer: {fileID: 24100000}
  m_GroupID: ccf7df428cc2c8f4ea5671c093ab1ee2
  m_Children:
  - {fileID: 243308533491297228}
  - {fileID: 243977553628590786}
  m_Volume: f68f5ffc51a5be8429965d2026e04d8b
  m_Pitch: a1485aaa75e76b94088c58faa85a276e
  m_Effects:
  - {fileID: 24400004}
  m_UserColorIndex: 0
  m_Mute: 0
  m_Solo: 0
  m_BypassEffects: 0
--- !u!244 &24400004
AudioMixerEffectController:
  m_ObjectHideFlags: 3
  m_CorrespondingSourceObject: {fileID: 0}
  m_PrefabInternal: {fileID: 0}
  m_Name: 
  m_EffectID: 7063b3328c9c06641b8da492e1796b05
  m_EffectName: Attenuation
  m_MixLevel: 21799aac498c66144b1c0dbf70de4c9f
  m_Parameters: []
  m_SendTarget: {fileID: 0}
  m_EnableWetMix: 0
  m_Bypass: 0
--- !u!245 &24500006
AudioMixerSnapshotController:
  m_ObjectHideFlags: 0
  m_CorrespondingSourceObject: {fileID: 0}
  m_PrefabInternal: {fileID: 0}
  m_Name: Snapshot
  m_AudioMixer: {fileID: 24100000}
  m_SnapshotID: 3293acb510ffedc46b6998736ebbf743
  m_FloatValues:
    c91c639146d66054db1c6b87617a2e11: 1
    7a91b557b0111ad46ba9c6d7358b60a0: -45.7
    afb0e5081b8569847a59efa585c82883: -10
    ae6db39dad323fa44ac51c7ef4f706b0: -15
  m_TransitionOverrides: {}
--- !u!243 &243308533491297228
AudioMixerGroupController:
  m_ObjectHideFlags: 0
  m_CorrespondingSourceObject: {fileID: 0}
  m_PrefabInternal: {fileID: 0}
  m_Name: Sfx
  m_AudioMixer: {fileID: 24100000}
  m_GroupID: 617d96389a6341a41accca273168f479
  m_Children: []
  m_Volume: ae6db39dad323fa44ac51c7ef4f706b0
  m_Pitch: c91c639146d66054db1c6b87617a2e11
  m_Effects:
  - {fileID: 244107518720031530}
  m_UserColorIndex: 0
  m_Mute: 0
  m_Solo: 0
  m_BypassEffects: 0
--- !u!243 &243977553628590786
AudioMixerGroupController:
  m_ObjectHideFlags: 0
  m_CorrespondingSourceObject: {fileID: 0}
  m_PrefabInternal: {fileID: 0}
  m_Name: Music
  m_AudioMixer: {fileID: 24100000}
  m_GroupID: 05a5902c80607594eb3f1b0f25ef046b
  m_Children: []
  m_Volume: afb0e5081b8569847a59efa585c82883
  m_Pitch: f4ad21818e0754a4493ba5c34502a5b5
  m_Effects:
  - {fileID: 244694401395597108}
  m_UserColorIndex: 0
  m_Mute: 0
  m_Solo: 0
  m_BypassEffects: 0
--- !u!244 &244107518720031530
AudioMixerEffectController:
  m_ObjectHideFlags: 3
  m_CorrespondingSourceObject: {fileID: 0}
  m_PrefabInternal: {fileID: 0}
  m_Name: 
  m_EffectID: 22e64cb7daed4224a9dc004b156e9b5d
  m_EffectName: Attenuation
  m_MixLevel: da3821843a9c79f4b8078e0fc4fc5728
  m_Parameters: []
  m_SendTarget: {fileID: 0}
  m_EnableWetMix: 0
  m_Bypass: 0
--- !u!244 &244694401395597108
AudioMixerEffectController:
  m_ObjectHideFlags: 3
  m_CorrespondingSourceObject: {fileID: 0}
  m_PrefabInternal: {fileID: 0}
  m_Name: 
  m_EffectID: ef37b44e80cf81f4692856fa8d169349
  m_EffectName: Attenuation
  m_MixLevel: 33684c1b6627cbf4eaf8ec386efdf737
  m_Parameters: []
  m_SendTarget: {fileID: 0}
  m_EnableWetMix: 0
  m_Bypass: 0
